[Event "CCT Airthings Masters Play-In 2023"]
[Site "Online"]
[Date "2023.02.03"]
[Round "4"]
[White "Mitrabha, Guha"]
[Black "GadimbayliA"]
[Result "1-0"]
[ECO "A28"]
[WhiteElo "2510"]
[BlackElo "2677"]
[Annotator "TA"]
[PlyCount "173"]
[EventDate "2023.02.03"]
[EventType "swiss"]
[EventCountry "NET"]
[SourceTitle "playchess.com"]
[Source "ChessBase"]
[SourceQuality "1"]
[TimeControl "600+2"]

1. c4 Nf6 2. Nc3 e5 3. Nf3 Nc6 4. e4 Bb4 5. d3 d6 6. a3 {[%emt 0:00:02] A28: English Opening: Four Knights Variation.} Bc5 {[%emt 0:00:00] 6...Bc5 scores better than 6...Bxc3+.} 7. b4 Bb6 8. Be3 {[%emt 0:00:02] The position is equal.} Bg4 9. Be2 Bxf3 10. Bxf3 Nd4 11. O-O O-O 12. Na4 Nxf3+ 13. Qxf3 Bxe3 14. fxe3 c6 15. Nc3 a5 16. b5 {[%emt 0:00:02] [#]} Nd7 $146 ({Predecessor:} 16... Qd7 17. a4 Rad8 18. Rab1 d5 19. Qg3 Qe6 20. exd5 cxd5 21. Rxf6 Qxf6 22. Nxd5 Qe6 {1-0 Oparin,G (2683)-Lashkin,J (2399) Titled Tuesday intern op 05th Jul Late blitz 2022 (9)}) 17. Rf2 a4 18. Qe2 Qa5 19. Qc2 Rfc8 20. Rb1 Nc5 21. Rb4 Ne6 22. Rf3 (22. Qxa4 Qxa4 23. Rxa4 (23. Nxa4 $2 c5 $19) 23... Rxa4 24. Nxa4 Ra8 $15) 22... h5 23. h3 (23. Qxa4 Qxa4 24. Rxa4 (24. Nxa4 $2 c5 $19) 24... Rxa4 25. Nxa4 Ra8 $17) 23... Nc7 (23... Rf8 $11) 24. Qb2 {[%emt 0:02:05] White is more active.} (24. Qxa4 Qxa4 25. Rxa4 (25. Nxa4 $2 c5 $19) 25... cxb5 26. cxb5 (26. Rxa8 Rxa8 27. a4 b4 $17) 26... Rxa4 27. Nxa4 Ra8 $17) (24. Rxa4 $16 Qb6 25. Qf2) 24... Ne6 $1 $11 25. Kh2 h4 26. Rxa4 Qb6 27. Rb4 {[%emt 0:01:34] Strongly threatening bxc6.} Ng5 28. bxc6 Nxf3+ 29. gxf3 Qxc6 30. Nd5 (30. Rxb7 $2 Rxa3 31. Rb6 (31. Qxa3 $2 Qxb7 32. Nb5 Ra8 $19) (31. Nd5 $2 Qa6 $19) 31... Qa8 $19) 30... Re8 {[%emt 0:00:32] Repels Ne7+} 31. Rxb7 (31. f4 $14) 31... Qxb7 32. Qxb7 Reb8 $1 33. Qd7 Rxa3 {[%emt 0:00:09] ( -> ...Rb2+)} 34. Nb6 Ra2+ 35. Kg1 Rb2 36. Na4 (36. Qxd6 $2 R2xb6 37. Qxe5 Rb1+ 38. Kg2 R8b2+ $19) (36. Nd5 $2 Rb1+ 37. Kh2 R8b2#) 36... Rc2 37. Nb6 $1 Rb2 $1 (37... Rc1+ $2 38. Kf2 Rb1 39. Na4 $18 (39. Qxd6 R1xb6 40. Qxe5 Rb2+ 41. Ke1 R8b3 $11)) 38. f4 R2xb6 {[%emt 0:00:05][%mdl 4096] Endgame KQ-KRR} 39. Kf2 Rb1 40. Qxd6 R8b2+ 41. Kf3 {[%emt 0:00:01] Black must now prevent Qd8+.} exf4 $2 (41... Kh7 $11 {and Black has nothing to worry.} 42. Qxe5 (42. fxe5 Rg1 43. e6 Rf1+ 44. Kg4 Rg2+ 45. Kh5 g6+ 46. Kxh4 g5+ 47. Kh5 Rh1) 42... Rf1+ 43. Kg4 Rg2+ 44. Kh5 (44. Kxh4 Rfg1 $11) 44... Rfg1) 42. Qd8+ $18 Kh7 43. Qxh4+ Kg8 44. Kxf4 f6 45. Kf5 (45. Qh5 Rf1+ 46. Kg3 Rg1+ 47. Kf3 Rf1+ 48. Kg3 Rg1+ 49. Kf3 Rf1+ 50. Kg3 $11) 45... Rb6 46. c5 $2 (46. e5 $18) 46... Rf1+ $11 47. Kg4 $1 Rb2 (47... Rb3 $11) 48. Qg3 $16 (48. Qh5 Rg2+ 49. Kh4 g5+) 48... Rc2 49. d4 Kh7 $2 (49... Kh8 {was called for.} 50. Kh4 Rc3) 50. Kh5 $18 {[%emt 0:00:02][%cal Oc5c6] And now c6! would win.} Rff2 {[%emt 0:00:05] Hoping for ...Rg2.} 51. Qg6+ Kh8 {[%emt 0:00:02] [#]} 52. c6 $1 Rg2 53. Qe8+ (53. Qf7 $1 {Threatens to win with c7.} Rc3 54. c7) 53... Kh7 {[%emt 0:00:00] [#]} 54. Qd7 $2 (54. Kh4 $1 $18 Rxc6 55. Qh5+ (55. Qxc6 $2 Kh6 $19) 55... Kg8 56. Qd5+ Kh7 57. e5 (57. Qxc6 Kh6)) 54... Rg5+ $11 55. Kh4 {[%emt 0:00:01] c7 would be deadly.} Re2 $2 (55... Kh6 $11 56. Qd8 Rcg2 57. Qh8+ Kg6 58. Qe8+ (58. c7 $2 R5g4+ 59. hxg4 Rh2+ {[%mdl 64] Skewer} 60. Kg3 Rxh8 $19) 58... Kh7) 56. c7 $18 Rxe3 57. c8=Q {[%emt 0:00:01] Qde8 would kill now.} (57. c8=B $2 {too greedy.} Rxe4+ $19) 57... Rxe4+ 58. Qg4 Rgxg4+ 59. hxg4 Rxd4 {[%emt 0:00:00] KQ-KR} 60. Qf5+ Kg8 61. Kh5 Kf7 62. Qg6+ Kf8 63. Qc2 Rd5+ {[%emt 0:00:02] [#]} 64. Kg6 $1 Rg5+ 65. Kh7 Kf7 66. Qc8 Ke7 67. Qc4 Kf8 68. Qe6 Re5 69. Qc8+ Kf7 70. Qg8+ Ke7 71. Qxg7+ ({Stronger than} 71. Kxg7 Rg5+ 72. Kh8 Rxg8+ 73. Kxg8 Kd6 $11) 71... Ke6 {[%emt 0:00:00] White mates.} 72. Qb7 Rg5 73. Qe4+ Kf7 74. Qc4+ Ke7 75. Kh6 Re5 76. Qc7+ Ke6 77. Qc8+ Ke7 78. Qb7+ Ke6 79. Qg7 Rc5 80. Qg6 Re5 81. Qe8+ Kd5 82. Qf7+ Re6 83. Kg6 Ke5 84. Qc7+ Kd5 85. Kf5 Re1 86. Qd7+ Kc5 87. Kxf6 {[%emt 0:00:01] Beautiful play by Mitrabha!   Weighted Error Value: White=0.31/Black=0.28 (precise)} 1-0

[Event "CCT Airthings Masters Play-In 2023"]
[Site "Online"]
[Date "2023.02.03"]
[Round "4"]
[White "Cardoso Cardoso, Jose Gabriel"]
[Black "GukeshDommaraju"]
[Result "0-1"]
[ECO "E32"]
[WhiteElo "2498"]
[BlackElo "2625"]
[Annotator "TA"]
[PlyCount "70"]
[EventDate "2023.02.03"]
[EventType "swiss"]
[EventCountry "NET"]
[SourceTitle "playchess.com"]
[Source "ChessBase"]
[SourceQuality "1"]
[TimeControl "600+2"]

1. d4 Nf6 2. c4 e6 3. Nc3 Bb4 4. Qc2 O-O 5. a3 Bxc3+ 6. Qxc3 b6 7. e3 Bb7 8. Nf3 d6 9. b4 Nbd7 10. Bb2 a5 11. Be2 Ne4 12. Qc2 f5 13. O-O Rf6 $5 {[%emt 0:00:13][%mdl 4] [#] Leaves trodden paths. E32: Nimzo-Indian: Classical (4 Qc2): 4...0-0.} 14. d5 $1 Rg6 {[%emt 0:00:34] [#]} (14... Rh6 15. g3) 15. dxe6 (15. Nd4 $1 $16 ) 15... Nf8 $11 {[%emt 0:00:02] The position is equal.} 16. c5 {[%emt 0:01:47] [#]} dxc5 $146 (16... bxc5 $11 17. bxc5 Nxc5) ({Predecessor:} 16... bxc5 17. bxc5 Nxc5 18. Qxf5 Nfxe6 19. Kh1 Be4 20. Qh5 Qe7 21. Bc4 Rf8 22. Ne1 Rf5 {0-1 Bubeeva,L (1810)-Afanasieva,A (1997) Moscow op (Women) 17th 2021 (8)}) 17. bxc5 (17. Rfd1 $5 Nd6 18. bxc5 bxc5 19. Qxc5 $16) 17... Nxc5 18. Qxf5 {[%emt 0:00:04] Black must now prevent Qf7+.} Nfxe6 19. Rad1 Qe7 20. Kh1 ({Avoid the trap} 20. Bc4 $2 Rf8 $19) (20. h4 $11 {keeps the balance.}) 20... Rf8 $17 21. Qe5 Qf7 ({Black should play} 21... Qe8 $17 22. Qh5 Qa4) 22. Qh5 Ne4 (22... Qe8 $1 $15) 23. Be5 {[%emt 0:00:40] [#]} (23. Bc4 $11) 23... Qe7 $1 {[%emt 0:01:03] And now ...Rh6 would win.} 24. Bg3 (24. Bc4 $142) 24... Nc3 {[%emt 0:00:18] Black is more active. Excellent horsemanship.} ({Not} 24... Qxa3 25. Bc4 $11) 25. Nh4 $2 {[%emt 0:00:46][%mdl 8192] White does not recover from this.} (25. Bc4 $17 Nxd1 26. Rxd1) 25... Rg5 $19 {[%emt 0:00:06] Black is clearly winning.} 26. Rc1 Rxh5 27. Bxh5 Ne4 {[%emt 0:00:05] ...g5 would be deadly.} 28. Be2 N6c5 29. Nf3 Nxg3+ 30. hxg3 Ne4 31. Kg1 {[%emt 0:00:05] [#]} Nxg3 $1 32. Bc4+ Kh8 33. fxg3 Qxe3+ 34. Kh2 Bxf3 35. Rce1 Qc5 {[%emt 0:00:02] Weighted Error Value: White=0.63/Black=0.14 (very precise)} 0-1

[Event "CCT Airthings Masters Play-In 2023"]
[Site "Online"]
[Date "2023.02.03"]
[Round "4"]
[White "Anonymous"]
[Black "LastGladiator1"]
[Result "0-1"]
[ECO "B45"]
[WhiteElo "2471"]
[BlackElo "2599"]
[Annotator "TA"]
[PlyCount "82"]
[EventDate "2023.02.03"]
[EventType "swiss"]
[EventCountry "NET"]
[SourceTitle "playchess.com"]
[Source "ChessBase"]
[SourceQuality "1"]
[TimeControl "600+2"]

1. e4 c5 2. Nf3 e6 3. d4 cxd4 4. Nxd4 Nf6 5. Nc3 Nc6 6. Nxc6 bxc6 7. e5 Nd5 8. Ne4 Bb7 (8... Qc7 $5 ) 9. c4 {[%emt 0:01:04] B45: Sicilian Four Knights.} Nb4 10. Be2 (10. c5 $5 ) 10... Qa5 {[%emt 0:00:12][%csl LRa2,LRe5] Hoping for ...Nc2+.} 11. O-O {[%emt 0:00:36] aiming for Nd6+. Black has an edge.} ({Don't play} 11. Nd6+ Bxd6 12. Qxd6 Nd3+ 13. Kd1 Nxf2+ 14. Kc2 Nxh1 $17) 11... Qxe5 {[%emt 0:00:02] [#]} 12. Bf3 $146 ({Predecessor:} 12. Ng5 Be7 13. Nf3 Qc7 14. a3 Na6 15. b4 Bf6 16. Ra2 c5 17. Bb2 Bxb2 18. Rxb2 {1-0 Ivanov,A (2335)-Kaiyrbekov,R (2342) Zudov Memorial-B 4th 2008 (2)}) 12... d5 13. cxd5 cxd5 ({But not} 13... exd5 14. Nc5 O-O-O 15. Re1 $16) 14. Nc3 (14. Ng3 $15) 14... Be7 $17 {[%emt 0:00:30] Black is more active.} 15. a3 Nc6 16. Re1 Qd6 17. Nb5 (17. b4 $15) 17... Qd7 18. b4 O-O 19. Nc3 Bf6 20. Bb2 Nd4 21. Bg4 Rac8 22. Rc1 Bc6 23. a4 Bb7 24. Na2 {[%emt 0:00:20] [#]} (24. h3 $17) 24... Nf3+ $1 {[%emt 0:00:10][%mdl 576] Discovered Attack} 25. Bxf3 {[%emt 0:00:11] And now Bxf6 would win.} Bxb2 26. Rxc8 Rxc8 27. Qb3 Bf6 28. b5 Rc5 29. g3 Qc7 30. Kg2 g6 31. Re2 (31. Rb1 $142) 31... h5 {[%emt 0:00:03] White must now prevent ...e5.} 32. h4 (32. Nb4 $142) 32... Rc4 33. Rd2 $2 {[%emt 0:00:28] White is weak on the dark squares} (33. Nb4 {was the only chance.}) 33... a5 34. bxa6 Bxa6 35. Be2 {[%emt 0:00:07] [#]} Bb7 $1 36. Kg1 (36. Kf1 Rc5) 36... Rc5 37. Bd3 d4 {[%emt 0:00:08] Threatens to win with ...Qc6.} 38. Nb4 {[%emt 0:00:10] Dodges Qc6} (38. Rb2 $142 Bd5 39. Qb8+ Qxb8 40. Rxb8+ Kg7 41. Rb2) 38... Rc1+ 39. Rd1 Qc3 40. Bc2 Rxd1+ {[%emt 0:00:01][%mdl 64] Remove Defender} 41. Bxd1 Qe1+ {[%emt 0:00:01] White got outplayed after the opening.   Weighted Error Value: White=0.65/Black=0.27 (precise)} 0-1

[Event "CCT Airthings Masters Play-In 2023"]
[Site "Online"]
[Date "2023.02.03"]
[Round "4"]
[White "Sankalp_Gupta"]
[Black "Sam_ChessMood"]
[Result "0-1"]
[ECO "D00"]
[WhiteElo "2457"]
[BlackElo "2590"]
[Annotator "TA"]
[PlyCount "44"]
[EventDate "2023.02.03"]
[EventType "swiss"]
[EventCountry "NET"]
[SourceTitle "playchess.com"]
[Source "ChessBase"]
[SourceQuality "1"]
[TimeControl "600+2"]

1. d4 Nf6 2. Nc3 d5 3. Bf4 c5 4. e4 Nxe4 5. Nxe4 dxe4 6. dxc5 {[%emt 0:00:02] D00: 1 d4 d5: Unusual lines.} Nd7 $5 {[%emt 0:00:01][%mdl 4] Leaves trodden paths.} 7. b4 e5 {[%emt 0:00:55] Wards off Qd4} 8. Be3 {[%emt 0:00:03] The position is equal.} Be7 {[%emt 0:00:08] [#]} 9. Qd5 $146 (9. Bc4 $11) ({Predecessor:} 9. Bc4 O-O 10. Ne2 Kh8 11. O-O f5 12. Nc3 a5 13. a3 f4 14. Bd2 Nf6 15. Be1 axb4 16. axb4 Rxa1 17. Qxa1 f3 18. g3 Qd7 {0-1 Wall,T (2290)-Willow,J (2395) Newcastle EJCOA 4th 2022 (3)}) 9... O-O 10. Bc4 Qc7 {[%emt 0:00:40] Threatens to win with ...a5.} (10... a5 {is more complex.} 11. c3 Nf6 12. Qxe5 Ng4) 11. Qxe4 ({White should play} 11. Ne2 $1 $15) 11... Nf6 $17 12. Qf3 a5 13. c3 axb4 (13... Bg4 $6 14. Qg3 $11) 14. cxb4 Ra4 15. a3 {[%emt 0:00:13] [#]} Bg4 (15... b6 $1 $17 16. Qd1 (16. cxb6 $2 {is the wrong capture.} Bxb4+ {[%mdl 64] Pin, Double Attack} 17. Kf1 Qxc4+ $19) 16... Ra8) 16. Qg3 $11 Rfa8 {[%emt 0:00:02] aiming for ...Rxb4.} 17. Rc1 Rxa3 18. h3 (18. Nf3 $11) 18... Bh5 $36 {[%emt 0:00:35][%mdl 2048] White must now prevent ...Ne4. Black is really pushing.} 19. Nf3 Ne4 ({But not} 19... Bxf3 $6 20. Qxf3 R8a4 21. Qd1 $15) 20. Qxe5 {[%emt 0:00:41][%mdl 8192] [#]} (20. Qh2 $15) 20... Rxe3+ $1 $19 {[%emt 0:00:14][%mdl 512] Black is clearly winning.} 21. fxe3 {[%emt 0:00:03] [#]} Bh4+ $1 {[%emt 0:00:04][%mdl 576] Deflection} 22. Kf1 {[%emt 0:00:21] [#]} (22. Nxh4 Qxe5) 22... Nd2+ $1 {[%emt 0:00:03][%mdl 576] Deflection. Beautiful play by Sam_ChessMood!   Weighted Error Value: White=0.82/Black=0.11 (very precise)} 0-1

[Event "CCT Airthings Masters Play-In 2023"]
[Site "Online"]
[Date "2023.02.03"]
[Round "4"]
[White "Aygehovit"]
[Black "Msb2"]
[Result "0-1"]
[ECO "C11"]
[WhiteElo "2456"]
[BlackElo "2587"]
[Annotator "TA"]
[PlyCount "62"]
[EventDate "2023.02.03"]
[EventType "swiss"]
[EventCountry "NET"]
[SourceTitle "playchess.com"]
[Source "ChessBase"]
[SourceQuality "1"]
[TimeControl "600+2"]

1. e4 e6 2. d4 d5 3. Nc3 Nf6 4. e5 Nfd7 5. f4 c5 6. Nf3 Nc6 7. Be3 a6 8. Qd2 b5 9. a3 Qa5 $1 {[%emt 0:00:02][%mdl 4] is recently more successful than 9...Qb6. C11: French: Classical System: 4 e5 and 4 Bg5 dxe4.} 10. dxc5 Bxc5 11. Bxc5 Nxc5 {[%emt 0:00:00] The position is equal.} 12. Ne2 {[%emt 0:00:03] Strongly threatening Qxa5.} Qb6 {[%emt 0:00:14] [#] ...Ne4 is the strong threat.} 13. Ned4 $146 ({Predecessor:} 13. Qe3 b4 14. c3 bxc3 15. b4 Na4 16. Qxb6 Nxb6 17. Nxc3 f6 18. exf6 gxf6 19. O-O-O {½-½ So,W (2770)-Nepomniachtchi,I (2792) FTX Crypto Cup KO rapid 2021 (2.13)}) 13... Ne4 14. Qe3 b4 15. a4 O-O 16. Bd3 a5 17. Bxe4 dxe4 18. Qxe4 Nxd4 19. Nxd4 (19. Qxa8 $2 {is the wrong capture.} Nxc2+ 20. Ke2 Ba6+ $19) 19... Bb7 20. Qe3 Rac8 21. O-O Rfd8 22. c3 (22. Rad1 $11) 22... bxc3 $15 23. bxc3 Qb2 $36 {[%emt 0:00:02][%csl Gb7,LRc3,LRg2][%cal Rb2g2][%mdl 2048] Black is pushing.} 24. Qf2 Qxc3 25. Nb5 Qd3 {[%emt 0:00:04] And now ...Rc2 would win. White is weak on the light squares} 26. Rac1 {[%emt 0:00:44] Prevents Rc2.} (26. Ra3 $15 Qc2 27. Nd6) 26... h6 {[%emt 0:01:05] Black is more active.} 27. Nd6 Rxc1 28. Rxc1 Bd5 29. h3 {[%emt 0:00:36] [#]} (29. h4 $142) 29... Rb8 $1 $17 30. Kh2 {[%emt 0:00:06] [#]} (30. Qa7 {leads to mate.} Rb2) 30... Qa3 ({Black should play} 30... Rb4 $1 $17 31. f5 exf5 32. Nxf5 Be6) 31. f5 $2 Qxc1 {[%emt 0:00:21] Weighted Error Value: White=0.44/Black=0.13 (very precise)} 0-1

[Event "CCT Airthings Masters Play-In 2023"]
[Site "Online"]
[Date "2023.02.03"]
[Round "4"]
[White "TimofeevAr"]
[Black "daika91"]
[Result "0-1"]
[ECO "B50"]
[WhiteElo "2450"]
[BlackElo "2553"]
[Annotator "NA"]
[PlyCount "98"]
[EventDate "2023.02.03"]
[EventType "swiss"]
[EventCountry "NET"]
[SourceTitle "playchess.com"]
[Source "ChessBase"]
[SourceQuality "1"]
[TimeControl "600+2"]

1. e4 c5 2. Nf3 d6 3. Bc4 e6 4. O-O Nf6 5. d3 a6 6. Bb3 Be7 7. c3 O-O 8. Bf4 b5 9. Nbd2 Bb7 10. Re1 d5 11. Bc2 d4 12. cxd4 cxd4 13. h3 Nc6 14. Rc1 Rc8 15. Bb1 Re8 16. a3 h6 17. Ba2 Nd7 18. e5 Nc5 19. Qe2 b4 20. Nc4 b3 21. Bb1 a5 22. Nd6 Bxd6 23. exd6 Nd7 24. a4 e5 25. Bg3 Ba8 26. Nd2 Rb8 27. Nc4 Nb6 28. f4 Nxc4 29. dxc4 e4 30. c5 Nb4 31. f5 d3 32. Qf2 Bc6 33. f6 Qxf6 34. Qxf6 gxf6 35. d7 Red8 36. Bxb8 Rxb8 37. Rc4 Rd8 38. Rd4 Nc2 39. Bxc2 bxc2 40. Kf2 Rxd7 41. Rxd7 Bxd7 42. Ke3 Bxa4 43. Kd2 Bc6 44. g4 Kg7 45. h4 h5 46. Rg1 hxg4 47. Rxg4+ Kh6 48. Rg1 f5 49. Ke3 f4+ 0-1

[Event "CCT Airthings Masters Play-In 2023"]
[Site "Online"]
[Date "2023.02.03"]
[Round "4"]
[White "SalgadoChess91"]
[Black "Infernal_XaM"]
[Result "1/2-1/2"]
[ECO "C02"]
[WhiteElo "2449"]
[BlackElo "2580"]
[Annotator "NA"]
[PlyCount "117"]
[EventDate "2023.02.03"]
[EventType "swiss"]
[EventCountry "NET"]
[SourceTitle "playchess.com"]
[Source "ChessBase"]
[SourceQuality "1"]
[TimeControl "600+2"]

1. e4 e6 2. d4 d5 3. e5 c5 4. c3 Nc6 5. Nf3 Bd7 6. Be2 f6 7. O-O Qc7 8. Re1 fxe5 9. Nxe5 Nxe5 10. dxe5 O-O-O 11. Bf1 Nh6 12. a4 Nf7 13. Na3 a6 14. b4 c4 15. f4 g5 16. Nc2 gxf4 17. Bxf4 Bh6 18. Bxh6 Nxh6 19. Nd4 Rdf8 20. g3 Nf5 21. Ra2 Qb6 22. a5 Qa7 23. Rd2 h5 24. Bh3 Nxd4 25. Rxd4 h4 26. Kg2 hxg3 27. hxg3 Qb8 28. Bg4 b6 29. axb6 Qxb6 30. Qa1 Rhg8 31. Re2 Kc7 32. Qa5 Qxa5 33. bxa5 Rg7 34. Bh3 Rb8 35. Rf4 Rb3 36. Re3 Rb2+ 37. Rf2 Rb5 38. Rf6 Rb3 39. Bxe6 d4 40. Bxc4 Bc6+ 41. Rxc6+ Kxc6 42. Bxb3 dxe3 43. Bc4 Kc5 44. Bxa6 Rf7 45. e6 Rf2+ 46. Kg1 Kd6 47. Bc4 Rc2 48. a6 Rxc3 49. a7 Ra3 50. Kf1 Rxa7 51. Ke2 Ra4 52. Bd3 Rg4 53. Kf3 Rg7 54. g4 Ke5 55. Kxe3 Rxg4 56. e7 Rg8 57. Bb5 Kd6 58. e8=Q Rxe8+ 59. Bxe8 1/2-1/2

[Event "CCT Airthings Masters Play-In 2023"]
[Site "Online"]
[Date "2023.02.03"]
[Round "4"]
[White "Iskusnyh, Sergei"]
[Black "Arseniy_Nesterov"]
[Result "0-1"]
[ECO "E04"]
[WhiteElo "2443"]
[BlackElo "2519"]
[Annotator "TA"]
[PlyCount "58"]
[EventDate "2023.02.03"]
[EventType "swiss"]
[EventCountry "NET"]
[SourceTitle "playchess.com"]
[Source "ChessBase"]
[SourceQuality "1"]
[TimeControl "600+2"]

1. d4 d5 2. c4 e6 3. Nf3 Nf6 4. g3 dxc4 5. Bg2 Nc6 6. O-O Rb8 7. e3 b5 {[%emt 0:00:06] 7...Be7 gains popularity.} 8. Qe2 {[%emt 0:00:06] E04: Open Catalan: 5 Nf3.} Bd6 9. b3 cxb3 10. axb3 {[%emt 0:00:03] The position is equal.} O-O 11. Bb2 a6 12. Ne5 {[%emt 0:01:03][%mdl 1024] White has compensation.} Nb4 {[%emt 0:00:59] [#]} 13. Bc3 $146 {[%emt 0:01:19] [#] Bxb4 is the strong threat.} ({Predecessor:} 13. Ba3 Rb6 14. Rc1 a5 15. Bxb4 Bxb4 16. Nc6 Qd6 17. Nxb4 axb4 18. Qc2 e5 19. dxe5 Qxe5 {½-½ Greenfeld,A (2495)-Kryvoruchko,Y (2697) EU-Cup 34th Porto Carras 2018 (7.6)}) 13... Rb6 14. Rd1 Qe7 15. Rc1 Nfd5 16. Be1 {[%emt 0:00:09] And now e4 would win.} Bxe5 17. dxe5 {[%emt 0:00:01] [#] e4 would be deadly.} Rc6 18. Nc3 Bb7 19. Nxd5 exd5 20. Bxb4 Qxb4 21. Rxc6 (21. Bxd5 $2 {perishes.} Rxc1+ 22. Rxc1 Bxd5 $19) 21... Bxc6 22. Rxa6 Bb7 23. Ra7 Rb8 (23... Bc8 $142) 24. Qd1 (24. Qa2 $142 {[%cal Oa7b7] Hoping for Rxb7!} Bc8 25. Bxd5 (25. Rxc7 Qe1+ 26. Bf1 Bh3 $11)) 24... Qe7 (24... Qc5 $16 25. Qd4 Qc6) 25. Qa1 (25. Bxd5 $18 Bxd5 26. Qxd5) 25... Bc6 26. Qc3 Bb7 (26... Ra8 $142 27. Rxa8+ Bxa8) 27. b4 {[%emt 0:00:04] White is clearly better.} h6 28. h4 Qd7 29. Qc5 c6 {[%emt 0:00:01][%mdl 32768] Weighted Error Value: White=0.15 (very precise) /Black=0.21 (precise) . Loss on time!?} (29... Bc6 {is a better defense.} 30. Bh3 Qxh3) 0-1

[Event "CCT Airthings Masters Play-In 2023"]
[Site "Online"]
[Date "2023.02.03"]
[Round "4"]
[White "Azeryahu"]
[Black "DeviatkinAndrey"]
[Result "1-0"]
[ECO "B12"]
[WhiteElo "2406"]
[BlackElo "2098"]
[Annotator "TA"]
[PlyCount "271"]
[EventDate "2023.02.03"]
[EventType "swiss"]
[EventCountry "NET"]
[SourceTitle "playchess.com"]
[Source "ChessBase"]
[SourceQuality "1"]
[TimeControl "600+2"]

1. e4 c6 2. d4 d5 3. e5 Bf5 4. Nd2 e6 5. Nb3 Nd7 6. Nf3 a6 7. Be2 Ne7 8. Nh4 Be4 9. O-O c5 10. f3 Bg6 11. c3 Nc6 12. Nxg6 hxg6 13. g3 Rc8 14. Be3 Qb6 15. Qd2 Na5 16. Nxa5 Qxa5 17. Bd3 cxd4 18. cxd4 Qxd2 19. Bxd2 Nb8 20. Rfc1 Rxc1+ 21. Rxc1 Kd7 22. h4 Nc6 23. Be3 Bb4 24. Kf2 Ba5 25. Bb1 b5 26. f4 Bb6 27. Rd1 Ne7 28. Rc1 Nc6 29. Rd1 Rc8 30. g4 Na5 31. Kg3 Nc6 32. Kf3 Rh8 33. Bf2 Ne7 34. Rc1 Nc6 35. Rd1 Ne7 36. Bd3 Nc6 37. Be2 Na5 38. b3 Rc8 39. Bd3 $1 Nc6 40. Bb1 Ne7 41. Be1 Nc6 42. Bf2 Ne7 43. Be1 Bxd4 44. Rxd4 Rc1 45. Bxg6 $1 fxg6 46. Bd2 $2 (46. Ke2 $11) 46... Rc2 (46... Ra1 $17 47. a4 Nc6) 47. a4 (47. a3 $1 $11) 47... Nc6 48. Rd3 b4 ({Better is} 48... bxa4 $15 49. bxa4 Ra2) 49. Be3 $11 a5 50. Bd2 Rb2 51. Ke3 (51. Be3 $11) 51... Rb1 52. Kf3 $2 (52. Kf2 $17 {is more resistant.}) 52... Rf1+ $2 (52... Rxb3 $1 $19 {has better winning chances.} 53. Ke2 Rb1) 53. Kg2 $17 Rd1 54. Kf3 (54. Kf2 $142) 54... Rh1 (54... Kc8 $17 {next ...Rh1 is good for Black.} 55. Kg2 Kc7) 55. Kg3 $11 Rb1 $2 (55... Nd8 $11) 56. Kf3 $19 Ne7 $2 (56... Rxb3 $1 $19 57. Ke2 Rb1) 57. Ke2 (57. Be3 $11 {remains equal.}) 57... Rg1 $1 $17 58. Kf3 Rh1 $1 59. Kg3 Rd1 60. Kf3 Rb1 (60... Kc8 $17) 61. Kf2 Nc6 62. Kg2 Rd1 63. Kf2 (63. Kf3 $1 $11 {was the only way to keep the balance.}) 63... Nd8 (63... Kc8 $17 64. Kg2 Kd7) 64. Ke2 $11 Rg1 65. Kf3 {[%emt 0:00:02] [#]} (65. Be1 $1 $11) 65... Rf1+ ({Black should try} 65... Rh1 $1 $17 66. Be3 Rxh4) 66. Ke2 $11 Rh1 67. Be1 Nb7 68. Bf2 Rb1 69. f5 gxf5 70. gxf5 Ke7 (70... exf5 $11 71. Rg3 (71. Rxd5+ Ke6 $11) 71... Rb2+ 72. Kf1 Ke6) 71. Rg3 $14 Kf7 $1 72. fxe6+ $1 Kxe6 73. Rxg7 Nd8 74. h5 (74. Bb6 $5 Nf7 75. Rg3 $14 (75. Bxa5 Rxb3 76. Rg6+ Kxe5 $14)) 74... Rxb3 75. h6 (75. Bg3 $5 Nc6 76. h6 Nd4+ 77. Kd2 Nf3+ 78. Kc1 Rc3+ 79. Kd1 $14) 75... Rh3 (75... Kxe5 $2 76. Bg3+ Ke6 77. h7 $18) 76. h7 Nf7 (76... Kf5 {simplifies} 77. Rg8 Nf7 78. Ra8 Kxe5 79. Rxa5 Rxh7 80. Rb5 Rh2) 77. Bd4 b3 78. Rg6+ Ke7 $2 (78... Kf5 $11 79. e6 (79. Rf6+ Ke4 $11) 79... Kxg6 80. exf7 Kxf7) 79. e6 $2 ({White has to play} 79. Bc5+ $18 Kd8 80. e6 Rh2+ 81. Ke3 Rxh7 82. Rg8+ (82. exf7 Rxf7 83. Bd4 Rb7 $16) 82... Kc7 83. e7 (83. exf7 Rxf7 84. Bd4 Rh7 $16) 83... Rh3+ 84. Kd4 Rh4+ 85. Kxd5 Rh5+ 86. Kd4 Rh4+ 87. Kc3) 79... Rxh7 $11 ({Not} 79... Rh2+ 80. Ke3 Rxh7 81. exf7 Kxf7 82. Rg4 $16) 80. exf7 Kxf7 81. Rb6 Rh4 82. Kd3 Rh3+ 83. Kd2 Rh4 84. Kd3 Rh3+ 85. Be3 d4 86. Kxd4 Rh4+ 87. Ke5 Rxa4 88. Rxb3 Rb4 89. Ra3 Rb5+ 90. Kd4 Ke6 91. Kc4 Rb4+ 92. Kc5 Re4 93. Bd4 Rg4 94. Re3+ Kd7 95. Kd5 Rg5+ 96. Be5 Rg1 97. Rh3 Rd1+ 98. Bd4 Re1 99. Rh6 Rd1 100. Rh7+ Kd8 101. Ra7 a4 102. Rxa4 Kd7 103. Ra7+ Kd8 104. Ke5 Rd2 105. Bc5 Rd7 106. Ra6 Rd1 107. Bd6 Kd7 108. Ra7+ Kc6 109. Rc7+ Kb5 110. Rc2 Rh1 111. Kd5 Rh5+ 112. Be5 Rg5 113. Rb2+ Ka5 114. Kd4 Rh5 115. Rb1 Rg5 116. Bc7+ Ka4 117. Bd6 Rg4+ 118. Kc3 Ka5 119. Be5 Rg5 120. Bd4 Ka6 $2 {[%emt 0:00:05][%mdl 8192] [#]} (120... Rg8 $16) 121. Kc4 $2 (121. Rb6+ $1 {mates} Ka5 122. Kc4 Ka4 123. Rb8 Rh5 124. Rb2 Rh3 125. Bf2 Rf3 126. Bc5) 121... Rg6 $16 122. Kd5 Rg5+ 123. Be5 Ka5 124. Rb8 Rh5 125. Kd6 Ka4 126. Bd4 Rb5 127. Ra8+ Kb4 128. Ra1 Kc4 129. Be5 Rb6+ 130. Ke7 Kd5 131. Ra5+ Ke4 132. Bd6 Rb1 133. Ke6 Rb3 134. Ra4+ Ke3 135. Rh4 Kd3 (135... Rb1 $11) 136. Kd5 1-0